 Dungeon Crawl Stone Soup version 0.30.0-29-ga12c61a403 (webtiles) character file.

Game seed: 2003955872347746023

82017 GeoRichter the Tainter (level 15, -3/97 HPs)
             Began as a Deep Elf Venom Mage on June 19, 2023.
             Was an Initiate of Gozag.
             Slain by a wolf spider (6 damage)
             ... on level 1 of the Spider Nest on June 20, 2023.
             The game lasted 01:35:55 (28942 turns).

GeoRichter the Tainter (Deep Elf Venom Mage)       Turns: 28942, Time: 01:35:56

Health: -3/97      AC: 13    Str:  7    XL:     15   Next: 28%
Magic:  32/42      EV: 15    Int: 32    God:    Gozag
Gold:   1197       SH:  0    Dex: 15    Spells: 18/39 levels left

rFire   + . .        C - +3 rapier of Gozag, Rescuing {protect, Int+2}
rCold   + . .        H - +0 buckler
rNeg    + + .        x - +2 robe of Classification {rN+ Int-3 Archmagi}
rPois   +            E - +0 helmet {Int+3}
rElec   .            L - +2 cloak {Will+}
rCorr   .            i - +1 pair of gloves
SInv    .            d - +2 pair of boots "Xasaify" {rPois rN+}
Will    ++...        j - amulet of regeneration
Stlth   +            s - ring of Naonaquu {Fly rF+ MP+9 Int+4}
HPRegen 1.16/turn    U - ring of protection from cold
MPRegen 0.28/turn

%: archmagi
@: confused, radiating poison, gold aura, spewing sludge, flying, slowed,
studying Earth Magic, very slow
A: no striking features
a: Renounce Religion, Potion Petition, Call Merchant, Bribe Branch


You were on level 1 of the Spider Nest.
You worshipped Gozag.
Gozag was most pleased with you.
You visited 5 branches of the dungeon, and saw 24 of its levels.
You also visited: Bailey.

You collected 7736 gold pieces.
You spent 4657 gold pieces at shops.
You paid 1882 gold pieces to Gozag.

Inventory:

Hand Weapons
 C - the +3 rapier of Gozag, Rescuing (weapon) {protect, Int+2}
   (You bought it in a shop on level 5 of the Dungeon)

   Int:       It affects your intelligence (+2).
Missiles
 g - 3 throwing nets
Armour
 d - the +2 pair of boots "Xasaify" (worn) {rPois rN+}
   (You found it on level 7 of the Dungeon)

   rPois:     It protects you from poison.
   rN:        It protects you from negative energy.
 i - a +1 pair of gloves (worn)
 l - a +2 kite shield
 u - a +2 robe of cold resistance
 x - the +2 robe of Classification (worn) {rN+ Int-3 Archmagi}
   (You bought it in a shop on level 4 of the Dungeon)

   Int:       It affects your intelligence (-3).
   rN:        It protects you from negative energy.
   Archmagi:  It increases the power of your magical spells.
 E - a +0 helmet of intelligence (worn)
 H - a +0 buckler (worn)
 L - a +2 cloak of willpower (worn)
 R - an orb of mayhem
 S - the +2 hood of the Assassin {Detect Stab+ Stlth++}
   (You found it on level 4 of the Lair of Beasts)

   Detect:    It allows the wearer to sense nearby creatures.
   Stab+:     It allows the wearer to make particularly effective stabbing
   attacks against helpless or unaware enemies with any weapon.
   Stlth:     It makes you much more stealthy.
Jewellery
 f - a ring of see invisible
 j - an amulet of regeneration (around neck)
 m - a +5 ring of evasion
 s - the ring of Naonaquu (left hand) {Fly rF+ MP+9 Int+4}
   (You bought it in a shop on level 11 of the Dungeon)

   [ring of flight]

   Int:       It affects your intelligence (+4).
   rF:        It protects you from fire.
   MP:        It affects your magic capacity (+9).
   Fly:       It grants you flight.
 v - a ring of protection from fire
 U - a ring of protection from cold (right hand)
 W - an amulet of magic regeneration
Wands
 I - a wand of digging (4)
 K - a wand of roots (15)
 O - a wand of charming (14)
 T - a wand of light (7)
 Y - a wand of mindburst (6)
Scrolls
 a - 4 scrolls of butterflies
 k - 5 scrolls of teleportation
 o - 4 scrolls of blinking
 y - 3 scrolls of identify
 z - 4 scrolls of vulnerability
 D - a scroll of poison
 F - 4 scrolls of amnesia
 G - 3 scrolls of enchant armour
 J - a scroll of fear
 N - 2 scrolls of magic mapping
 P - 4 scrolls of fog
Potions
 b - 5 potions of magic
 c - a potion of haste
 e - 4 potions of curing
 h - 6 potions of berserk rage
 n - 6 potions of mutation
 p - a potion of might
 q - 5 potions of brilliance
 r - a potion of lignification {unknown}
 t - 5 potions of heal wounds
 w - 2 potions of attraction
 A - 4 potions of degeneration
 B - 3 potions of flight
 M - 3 potions of cancellation {unknown}
Miscellaneous
 Q - a box of beasts
 V - a condenser vane (inert)
 X - a phantom mirror


   Skills:
 + Level 12.7 Fighting
 - Level 8.0 Short Blades
 - Level 2.1 Armour
 - Level 7.5 Dodging
 - Level 6.5 Stealth
 - Level 6.5 Shields
 - Level 12.9 Spellcasting
 + Level 5.2 Conjurations
 - Level 8.9 Hexes
 - Level 11.0 Transmutations
 - Level 2.0 Air Magic
 * Level 11.0 Earth Magic
 - Level 13.2 Poison Magic


You had 18 spell levels left.
You knew the following spells:

 Your Spells              Type           Power      Damage    Failure   Level
a - Iron Shot             Conj/Erth      41%        9d8       19%         6
b - Poisonous Vapours     Pois/Air       100%       N/A       1%          2
c - Mephitic Cloud        Conj/Pois/Air  77%        N/A       1%          3
d - Olgreb's Toxic Radia  Pois           100%       N/A       1%          4
e - Eringya's Noxious Bo  Tmut/Pois      49%        N/A       3%          6

Your spell library contained the following spells:

 Spells                   Type           Power      Damage    Failure   Level
 Sting                    Tmut/Pois      100%       1d8       1%          1
 Ensorcelled Hibernation  Hex/Ice        100%       N/A       1%          2
 Passwall                 Tmut/Erth      79%        N/A       1%          2
 Portal Projectile        Hex/Tloc       100%       N/A       1%          3
 Spider Form              Tmut/Pois      99%        N/A       1%          3
 Leda's Liquefaction      Hex/Erth       45%        N/A       1%          4
 Freeze                   Ice            100%       1d10      3%          1
 Hailstorm                Conj/Ice       54%        3d12      3%          3
 Scorch                   Fire           62%        2d8       4%          2
 Swiftness                Air            50%        N/A       4%          3
 Call Canine Familiar     Summ           31%        N/A       10%         3
 Frozen Ramparts          Ice            62%        1d10      10%         3
 Flame Wave               Conj/Fire      54%        2d13      11%         4
 Summon Forest            Summ/Tloc      15%        N/A       67%         5
 Summon Cactus Giant      Summ           15%        N/A       99%         6
 Discord                  Hex            43%        N/A       99%         8
 Summon Hydra             Summ           15%        N/A       100%        7
 Ignition                 Fire           15%        3d6       100%        8


Dungeon Overview and Level Annotations

Branches:
Dungeon (15/15)            Temple (0/1) D:4            Lair (5/5) D:11
 Shoals (0/4) Lair:3       Spider (1/4) Lair:2          Orc (2/2) D:11
    Elf (1/3) Orc:2        Vaults (0/5) D:13         Bailey (visited)
  Slime: Lair:4-5    Depths: D:15

Altars:
Ashenzari
Dithmenos
Fedhas
Gozag
Hepliaklqana
Makhleb
Uskayaw
Vehumet
Wu Jian
Xom
Yredelemnul
The Shining One

Shops:
D:4 [[(   D:5 :?[*   D:11 =::   Orc:2 [*(:(

Portals:
Trove: D:13 (give +6 demon blade)

Annotations:
D:3 2 runed translucent doors, mmBingo's ghost, amateur DsFi
D:5 Menkaure
D:14 4 exclusions, Azrael
D:15 exclusion: death knight
Lair:2 1 runed translucent door, Levsong's ghost, journeyman HOFi


Message History

The torpor snail bites you but does no damage.
The culicivora is distracted by your dazzling golden aura.
The jumping spider leaps! x2
The tarantella touches you but does no damage.
The wolf spider hits you.
The wolf spider bites you but does no damage.
The redback bites you.
You are too confused!
You are too confused!
You feel better.
The culicivora is no longer distracted by gold.
The tarantella is poisoned.
The orb spider is no longer distracted by gold.
The orb spider's many legs skitter faintly.
The sun moth looks even sicker.
The wolf spider looks even sicker.
The culicivora is no longer distracted by gold.
The culicivora's many legs skitter faintly.
The culicivora looks even sicker.
The jumping spider looks even sicker. x3
You kill the redback!
The wolf spider looks even sicker.
You kill the culicivora!
The demonic crawler hits you! You block the demonic crawler's attack.
The demonic crawler hits you but does no damage.
The wolf spider is healed somewhat.
The jumping spider leaps! x2
You block the wolf spider's attack. The wolf spider closely misses you.
The wolf spider misses you. The wolf spider bites you.
The tarantella touches you. The redback bites you.
The demonic crawler misses you. The demonic crawler hits you. x2
* * * LOW HITPOINT WARNING * * *
The torpor snail bites you!
* * * LOW HITPOINT WARNING * * *
The jumping spider leaps! x2
The wolf spider hits you but does no damage.
The wolf spider bites you but does no damage.
The tarantella touches you!
* * * LOW HITPOINT WARNING * * *
You are confused.
The wolf spider hits you.
You die...
Your body crumbles into a pile of gold.

#.. ####..#
##..s..###
##...s....###
###............
.^.....s°$s....
......ssw..°s..
.....ss@s.$s...
..○.....s..y...
..○°.........##
......s...####
........###
#○..$.###
###..# #..


You could see a sun moth (very poisoned), a torpor snail (very poisoned), a
demonic crawler, 3 wolf spiders, an orb spider (very poisoned), a culicivora
(very poisoned), 4 jumping spiders, 2 tarantellas and a redback (very poisoned).

Vanquished Creatures
  Rupert (Orc:2)
  An orc warlord (Orc:2)
  Snorg (Lair:5)
  An entropy weaver (Spider:1)
  4 vault guards
  A merfolk avatar (Lair:5)
  A death knight (D:15)
  4 hydras
  A catoblepas (D:14)
  3 boulder beetles
  A two-headed ogre (D:12)
  2 centaur warriors
  6 death yaks (Lair:5)
  An orc high priest (Orc:2)
  Urug (Orc:2)
  2 skysharks
  Lodul (D:13)
  4 skeletal warriors (D:12)
  3 sea snakes (Lair:5)
  5 orc knights
  A necromancer (D:14)
  A wolf spider (Spider:1)
  An ugly thing (D:13)
  2 manticores
  2 deep elf pyromancers (D:13)
  3 orc sorcerers
  3 merfolk sirens (Lair:3)
  A cyclops (D:15)
  Maurice (Orc:2)
  3 black mambas
  11 elephants
  A gargoyle (D:12)
  An unseen horror (D:12)
  15 cane toads
  4 freezing wraiths
  6 rime drakes
  9 komodo dragons
  3 meliai (D:14)
  A merfolk (Lair:3)
  3 hornets
  4 trolls
  A polar bear (Lair:4)
  Prince Ribbit (Bailey)
  5 tarantellas
  A hornet (shapeshifter) (D:13)
  12 blink frogs
  18 dream sheep
  A jumping spider (shapeshifter) (D:14)
  3 culicivoras (Spider:1)
  3 jumping spiders (Spider:1)
  2 shadows
  6 wyverns
  6 slime creatures
  3 wraiths
  2 basilisks
  A fire elemental (D:14)
  12 humans
  49 yaks
  A water elemental (D:14)
  2 steam dragons (Lair:5)
  6 redbacks (Spider:1)
  4 vampire mosquitoes (D:14)
  A warg (shapeshifter) (D:13)
  16 water moccasins
  A black bear (shapeshifter) (D:13)
  3 sky beasts
  13 ogres
  4 black bears
  31 orc warriors
  An ogre (shapeshifter) (D:14)
  A centaur (D:4)
  7 kobold brigands
  A phantom (D:11)
  20 bullfrogs
  5 scorpions
  13 wights
  2 troll zombies (D:11)
  19 killer bees
  2 howler monkeys (D:9)
  An electric eel (D:14)
  2 gnoll boudas
  7 hounds
  18 orc priests
  A sleepcap (D:8)
  17 orc wizards
  6 polar bear simulacra (D:14)
  A yak simulacrum (D:14)
  2 wolf simulacra (D:14)
  6 ogre zombies (D:11)
  16 gnolls
  8 adders
  A shadow imp (D:6)
  3 white imps
  2 ufetubi
  3 worms
  5 dart slugs
  59 orcs
  12 ball pythons
  9 endoplasms
  7 giant cockroaches
  12 goblins
  11 hobgoblins
  10 jackals
  45 kobolds
  4 quokkas
  7 bats
  4 frilled lizards
  A goblin skeleton (D:11)
  2 goblin zombies (D:11)
  3 hobgoblin skeletons (D:11)
  3 hobgoblin zombies (D:11)
  15 orc zombies (D:11)
  9 rats
  2 river rat simulacra (D:14)
713 creatures vanquished.

Vanquished Creatures (others)
  A deep elf pyromancer (D:14)
  2 humans (D:13)
3 creatures vanquished.

Grand Total: 716 creatures vanquished

Notes
Turn   | Place    | Note
-------+----------+-------------------------------------------
     0 | D:1      | GeoRichter the Deep Elf Venom Mage began the quest for the
                  | Orb.
     0 | D:1      | Reached XP level 1. HP: 10/10 MP: 6/6
   238 | D:1      | Reached XP level 2. HP: 15/15 MP: 6/8
   241 | D:1      | Learned a level 2 spell: Poisonous Vapours
   573 | D:1      | Reached skill level 4 in Poison Magic
   686 | D:1      | Reached XP level 3. HP: 19/19 MP: 5/10
  1278 | D:2      | Reached skill level 1 in Air Magic
  1379 | D:2      | Found a basalt altar of Yredelemnul.
  1699 | D:2      | Reached XP level 4. HP: 24/24 MP: 9/11
  1815 | D:2      | Learned a level 3 spell: Mephitic Cloud
  1820 | D:2      | Learned a level 4 spell: Olgreb's Toxic Radiance
  2276 | D:2      | Found a faded altar of an unknown god.
  2675 | D:3      | Found an opulent altar of Gozag.
  2749 | D:3      | Found a large runed translucent door.
  2750 | D:3      | Found a large runed translucent door.
  3097 | D:3      | Reached skill level 5 in Poison Magic
  3138 | D:3      | Found a broken altar of Ashenzari.
  3170 | D:3      | Reached XP level 5. HP: 28/28 MP: 7/13
  3251 | D:3      | Became a worshipper of Gozag Ym Sagoz the Greedy
  3284 | D:3      | Found a blossoming altar of Fedhas.
  3394 | D:3      | Found a shimmering altar of Xom.
  3489 | D:3      | Noticed mmBingo's ghost (amateur DsFi)
  3520 | D:4      | Found a staircase to the Ecumenical Temple.
  3551 | D:4      | Noticed a centaur
  3572 | D:4      | Found Gichy's Antique Armour Shop.
  3591 | D:4      | Killed a centaur
  3592 | D:4      | Reached skill level 5 in Spellcasting
  3698 | D:4      | Bought a runed robe for 88 gold pieces
  3736 | D:4      | Got the Cyclopedia of the Ironbound Black Widow
  3782 | D:4      | Reached XP level 6. HP: 32/32 MP: 12/15
  3832 | D:4      | Bought a pair of boots for 108 gold pieces
  3846 | D:4      | Found Dutt's Weapon Shoppe.
  4165 | D:4      | Reached skill level 6 in Poison Magic
  4577 | D:4      | Found Dixilic's Armour Boutique.
  4676 | D:5      | Entered Level 5 of the Dungeon
  4828 | D:5      | Reached skill level 7 in Poison Magic
  4828 | D:5      | Reached XP level 7. HP: 36/36 MP: 10/18
  5048 | D:5      | Found Runkyr's Magic Scroll Boutique.
  5050 | D:5      | Found Qiprel's Book Boutique.
  5050 | D:5      | Found Duibeuhe's Assorted Antiques.
  5053 | D:5      | Found Ziefouph's Armour Boutique.
  5168 | D:5      | Found a shadowy altar of Dithmenos.
  5335 | D:5      | Noticed Menkaure
  5358 | D:5      | Reached skill level 8 in Poison Magic
  5365 | D:5      | Learned a level 6 spell: Eringya's Noxious Bog
  5428 | D:5      | Bought a smoking rapier for 252 gold pieces
  5428 | D:5      | Identified the +3 rapier of Gozag, Rescuing {protect,
                  | Int+2} (You bought it in a shop on level 5 of the Dungeon)
  5518 | D:5      | Found a basalt altar of Yredelemnul.
  5521 | D:5      | Noticed a profane servitor
  5624 | D:5      | Found a glowing golden altar of the Shining One.
  5626 | D:5      | Noticed an angel
  6018 | D:6      | Reached XP level 8. HP: 41/41 MP: 17/21
  6347 | D:6      | Found a hazy altar of Hepliaklqana.
  6597 | D:6      | Found an ornate altar of the Wu Jian Council.
  6930 | D:7      | Reached skill level 9 in Poison Magic
  7019 | D:7      | Identified the +4 short sword of the Eternal Void {flame,
                  | Str-5 Dex+4 SInv}
  7135 | D:7      | Identified the +2 pair of boots "Xasaify" {rPois rN+}
  7204 | D:7      | Found a flagged portal.
  7214 | Bailey   | Entered a bailey
  7240 | Bailey   | Reached skill level 10 in Poison Magic
  7242 | Bailey   | Reached XP level 9. HP: 27/45 MP: 2/23
  7457 | Bailey   | Reached skill level 5 in Transmutations
  7577 | Bailey   | Noticed a vault guard
  7584 | Bailey   | Noticed Prince Ribbit
  7585 | Bailey   | Noticed a vault guard
  7593 | Bailey   | Killed Prince Ribbit
  7594 | Bailey   | Reached skill level 11 in Poison Magic
  7607 | Bailey   | Killed a vault guard
  7608 | Bailey   | Reached skill level 10 in Spellcasting
  7810 | Bailey   | Killed a vault guard
  7811 | Bailey   | Reached skill level 12 in Poison Magic
  7811 | Bailey   | Reached XP level 10. HP: 33/50 MP: 21/26
  8047 | D:7      | Found a burning altar of Makhleb.
  8588 | D:8      | Reached skill level 1 in Fighting
  9194 | D:8      | Found a radiant altar of Vehumet.
 10800 | D:9      | Reached XP level 11. HP: 48/60 MP: 15/28
 11148 | D:10     | Entered Level 10 of the Dungeon
 11362 | D:10     | Reached skill level 10 in Transmutations
 12042 | D:10     | Reached skill level 1 in Armour
 12583 | D:11     | Found a staircase to the Lair.
 12719 | D:5      | Bought a runed helmet for 210 gold pieces
 13223 | D:11     | Bought the ring of Naonaquu {Fly rF+ MP+9 Int+4} for 764
                  | gold pieces
 13906 | D:11     | Found a staircase to the Orcish Mines.
 14049 | Orc:1    | Entered Level 1 of the Orcish Mines
 14504 | Orc:2    | Entered Level 2 of the Orcish Mines
 14504 | Orc:2    | Noticed Maurice
 14509 | Orc:2    | Killed Maurice
 14666 | Orc:2    | Noticed Rupert
 14683 | Orc:2    | Killed Rupert
 14684 | Orc:2    | Reached skill level 5 in Dodging
 14940 | Orc:2    | Reached skill level 13 in Poison Magic
 14998 | Orc:2    | Noticed an orc knight
 15007 | Orc:2    | Killed an orc knight
 15025 | Orc:2    | Reached skill level 1 in Short Blades
 15179 | Orc:2    | Found a staircase to the Elven Halls.
 15330 | Orc:2    | Noticed Urug
 15331 | Orc:2    | Noticed an orc sorcerer
 15331 | Orc:2    | Noticed an orc warlord
 15338 | Orc:2    | Killed Urug
 15338 | Orc:2    | Killed an orc sorcerer
 15339 | Orc:2    | Reached skill level 5 in Fighting
 15339 | Orc:2    | Reached skill level 1 in Shields
 15339 | Orc:2    | Reached XP level 12. HP: 68/68 MP: 24/29
 15348 | Orc:2    | Killed an orc warlord
 15780 | Orc:2    | Noticed an orc high priest
 15788 | Orc:2    | Killed an orc high priest
 15902 | Orc:2    | Found Lahizus's Antique Armour Boutique.
 15910 | Orc:2    | Found Goafuzai's Antique Weapon Boutique.
 15999 | Orc:2    | Found Haufamau's General Store.
 16031 | Orc:2    | Bought an embroidered cloak for 180 gold pieces
 16149 | Orc:2    | Found Lamoq's Book Boutique.
 16575 | Orc:1    | Reached skill level 5 in Short Blades
 17156 | D:11     | Found Joiweaf's Book Boutique.
 17181 | D:11     | Reached skill level 1 in Hexes
 17459 | D:11     | Bought a manual of Fighting for 1120 gold pieces
 17461 | Lair:1   | Entered Level 1 of the Lair of Beasts
 18818 | Lair:2   | Noticed a boulder beetle
 18818 | Lair:2   | Found an ornate altar of the Wu Jian Council.
 18820 | Lair:2   | Found a hide-covered altar of Uskayaw.
 18823 | Lair:2   | Killed a boulder beetle
 18844 | Lair:2   | Reached XP level 13. HP: 76/76 MP: 28/30
 19152 | Lair:2   | Found a runed translucent door.
 19413 | Lair:2   | Found a hole to the Spider Nest.
 20092 | Lair:2   | Noticed Levsong's ghost (journeyman HOFi)
 20284 | Lair:3   | Reached skill level 5 in Shields
 20471 | Lair:3   | Found a staircase to the Shoals.
 21793 | Lair:4   | Found the +2 hood of the Assassin {Detect Stab+ Stlth++}
 21871 | Lair:4   | Reached skill level 10 in Fighting
 22285 | Lair:5   | Entered Level 5 of the Lair of Beasts
 22644 | Lair:5   | Reached skill level 5 in Hexes
 22648 | Lair:5   | Reached XP level 14. HP: 85/88 MP: 12/32
 22650 | Lair:5   | Noticed Snorg
 22662 | Lair:5   | Killed Snorg
 22663 | Lair:5   | Reached skill level 5 in Stealth
 24307 | Orc:2    | Bought the Unrestrained Analects for 460 gold pieces
 24366 | Elf:1    | Entered Level 1 of the Elven Halls
 24474 | D:11     | Bought a manual of Earth Magic for 1120 gold pieces
 24688 | D:12     | Reached skill level 1 in Earth Magic
 24702 | D:12     | Reached skill level 1 in Conjurations
 25132 | D:12     | Reached skill level 5 in Earth Magic
 25373 | D:12     | Identified the +0 ring mail of the Dozen Brambles {+Inv
                  | rC+}
 25585 | D:4      | Bought the +2 robe of Classification {rN+ Int-3 Archmagi}
                  | for 355 gold pieces
 26055 | D:13     | Learned a level 6 spell: Iron Shot
 26074 | D:13     | Found a gate to the Vaults.
 26225 | D:13     | Noticed Lodul
 26234 | D:13     | Killed Lodul
 26346 | D:13     | Identified the +4 scale mail of Caexoun {Fly Str+3}
 26350 | D:13     | Found a portal to a secret trove of treasure.
 26400 | D:13     | You are sucked into a shaft and drop 2 floors!
 26400 | D:15     | Entered Level 15 of the Dungeon
 27141 | D:13     | Reached XP level 15. HP: 61/96 MP: 33/33
 28062 | D:14     | Noticed Azrael
 28490 | D:15     | Reached skill level 10 in Earth Magic
 28769 | Spider:1 | Entered Level 1 of the Spider Nest
 28775 | Spider:1 | Reached skill level 5 in Conjurations
 28942 | Spider:1 | HP: 3/97 [tarantella[a torpor snail] (11)]
 28942 | Spider:1 | Slain by a wolf spider

Illustrated notes

Levels and vault maps discovered:
D:1:      wheals_arrival_linesprint, layout_basic
D:2:      layout_loops_ring, basic_altar,
          dreamdust_ecumenical_altar_angels_and_demons, roderic_malta_cross
D:3:      layout_basic, grunt_gozag_statues, ashenzari_altar_1,
          xom_teletrap_fun, fedhas_altar_1, ebering_ghost_disaster_area,
          minmay_cut_off
D:4:      minmay_bubble_buster, layout_cave_pools, minmay_temple_entry_arrows,
          serial_shops, shop, shop, shop
D:5:      layout_loops_cross, mainiacjoe_overflow_paths,
          grunt_temple_overflow_holy_war, grunt_decor_resistance,
          minmay_shop_grid_forest, uniq_menkaure
D:6:      layout_gridville, nzn_wu_jian_council_hall,
          mainiacjoe_overflow_chevrons, kennysheep_generic_room_3
D:7:      layout_basic, lemuel_coloured_pillars_altar, enter_bailey_4,
          chequers_mini_garden
D:8:      layout_rooms, nicolae_overflow_crystal_walls
D:9:      layout_layer_cave
D:10:     layout_gridville
D:11:     layout_long_grid, david_lair_shrubbed, zombieorc2_lemuel,
          serial_shops, shop
D:12:     layout_cave_pools
D:13:     layout_rooms, ximxim_vaults_locker_room, enter_trove_1,
          serial_aquarium, aquarium_bridge_island_small
          [aquarium_subvault_small_open, aquarium_subvault_bridge,
          aquarium_subvault_window, aquarium_subvault_balcony,
          aquarium_subvault_bridge], aquarium_window_fake, aquarium_window_1,
          aquarium_window_fake, aquarium_view_2b, aquarium_view_2c,
          aquarium_balcony_3b, aquarium_pool_side, st_stairs_4,
          serial_park_tiny_2, uniq_lodul
D:14:     layout_basic, minivault_26, hellmonk_bongcloud_opening,
          eino_house_with_fridge, uniq_azrael
D:15:     grunt_enter_depths_snipers, layout_stronghold,
          corexii_leaking_fountain
Lair:1:   layout_cellular_growth, uniq_gastronok
Lair:2:   layout_gridlike, spider_nest_entry_rubble,
          ebering_ghost_reflecting_pool, nzn_masters_of_martial_movement
Lair:3:   layout_hall_layers, elwin_shoals_entry_stream, st_stairs_8
Lair:4:   layout_roguey
Lair:5:   gammafunk_lair_ancient_temple, layout_regular_city,
          dpeg_slime_entry_enclosed, grunt_megastairs_2, uniq_snorg
Spider:1: layout_cave_pods, nicolae_spider_rock_and_or_roll, uniq_jorgrun,
          uniq_josephine, uniq_kirke
Orc:1:    nicolae_orc_accident_2, layout_caves
Orc:2:    grunt_orc_cross, layout_diamond_mine, mines_bat_river, uniq_rupert,
          uniq_maurice
Elf:1:    layout_loops_corners, serial_glass, glass_columns_c, glass_columns_b,
          minmay_elf_demonology, grunt_megastairs_3, uniq_nikola, uniq_zenata,
          uniq_agnes

Skill      XL: |  1  2  3  4  5  6  7  8  9 10 11 12 13 14 15 |
---------------+----------------------------------------------+-----
Poison Magic   | 4 5 7 8 10 12 13 | 13.2
Air Magic      | 1 2 |  2.0
Spellcasting   | 4 5 6 7 8 10 11 12 | 12.9
Transmutations | 2 4 6 9 11 | 11.0
Fighting       | 3 5 7 10 12 | 12.7
Armour         | 2 |  2.1
Dodging        | 6 7 |  7.5
Short Blades   | 1 6 8 |  8.0
Shields        | 1 4 6 |  6.5
Hexes          | 1 5 8 |  8.9
Stealth        | 4 6 |  6.5
Earth Magic    | 8 11 | 11.0
Conjurations   | 4 5 |  5.2

Action                     |  1- 3 |  4- 6 |  7- 9 | 10-12 | 13-15 || total
---------------------------+-------+-------+-------+-------+-------++-------
  Melee: Unarmed           |     3 |       |       |       |       ||     3
         Dagger            |     9 |    14 |     5 |       |       ||    28
         Punch             |     1 |       |     2 |     4 |       ||     7
         Rapier            |       |       |    51 |   450 |   488 ||   989
   Cast: Sting             |    89 |   122 |    50 |       |       ||   261
         Poisonous Vapours |     8 |    26 |    10 |    14 |     1 ||    59
         Olgreb's Toxic Ra |       |     6 |    24 |   115 |    71 ||   216
         Mephitic Cloud    |       |     2 |     9 |     8 |    13 ||    32
         Eringya's Noxious |       |       |       |    61 |   111 ||   172
 Invoke: Call Merchant     |       |       |       |     2 |     1 ||     3
  Evoke: Wand              |       |       |       |    24 |     5 ||    29
         Box of beasts     |       |       |       |       |     2 ||     2
         Condenser vane    |       |       |       |       |     1 ||     1
    Use: Scroll            |       |       |    12 |    14 |     8 ||    34
         Potion            |       |       |     1 |     5 |     5 ||    11
   Stab: Confused          |       |       |     3 |     4 |     8 ||    15
         Sleeping          |       |       |       |     1 |     3 ||     4
         Distracted        |       |       |       |     1 |     1 ||     2
         Invisible         |       |       |       |       |     3 ||     3
 Armour: Robe              |     8 |    14 |    47 |   139 |   179 ||   387
  Dodge: Dodged            |    34 |    42 |    73 |   341 |   386 ||   876
  Block: Kite shield       |       |       |       |    45 |       ||    45
         Buckler           |       |       |       |     1 |   154 ||   155
